 Seeded DCSS version 0.31-a0-542-gdc2a67831c (webtiles) character file.

Game seed: 3826825538972431165 (custom seed)

8584 innerfire43 the Fighter (level 11, -18/92 HPs)
             Began as a Demonspawn Monk on Aug 14, 2023.
             Was an Elder of Qazlal.
             Demolished by an orc warrior
             ... wielding a +0 glaive
              (25 damage)
             ... in a bailey.
             The game lasted 00:16:15 (8529 turns).

innerfire43 the Fighter (Demonspawn Monk)           Turns: 8529, Time: 00:16:15

Health: -18/92     AC: 18    Str: 22    XL:     11   Next: 11%
Magic:  11/11      EV: 13    Int: 15    God:    Qazlal [****..]
Gold:   690        SH:  0    Dex: 16    Spells: 10/10 levels left

rFire   + + .        a - +5 spear of Immorality {flame, *Noise rF++ Int+4}
rCold   + . .        S - +1 kite shield
rNeg    . . .        W - +0 swamp dragon scales
rPois   +            (helmet restricted)
rElec   .            T - +1 cloak
rCorr   .            e - +0 pair of gloves of Onussap {Slay+6}
SInv    .            (no boots)
Will    +++..        (no amulet) Stlth
                     H - +6 ring of strength
HPRegen 0.35/turn    l - ring of willpower
MPRegen 0.24/turn

%: repel missiles
@: confused, ambrosia-drunk
A: hooves 2, molten scales 1, icemail 1, magic regeneration, condensation
shield, horns 1, cold resistance 1, strong-willed 2
a: Renounce Religion, Upheaval, Elemental Force


You were in a bailey.
You worshipped Qazlal.
Qazlal was greatly pleased with you.
You visited 1 branch of the dungeon, and saw 9 of its levels.
You also visited: Ossuary and Bailey.

You collected 768 gold pieces.
You spent 78 gold pieces at shops.

Inventory:

Hand Weapons
 a - the +5 spear of Immorality (weapon) {flame, *Noise rF++ Int+4}
   (You found it on level 5 of the Dungeon)

   Int+4:     It affects your intelligence (+4).
   rF++:      It greatly protects you from fire.
   *Noise:    It may make a loud noise when swung.
 b - a +2 shortbow of freezing
 C - a +2 hand axe of electrocution
 P - a +2 quarterstaff of chaos
 R - a +2 spear of venom
 U - a +0 spear
Armour
 d - an orb of light
 e - the +0 pair of gloves of Onussap (worn) {Slay+6}
   (You acquired it on level 2 of the Dungeon)

   Slay+6:    It affects your accuracy & damage with ranged weapons and melee
   (+6).
 v - +0 steam dragon scales
 E - a +0 robe of willpower
 N - the +1 helmet "Jiabbor" {rPois rN+ Stlth+}
   (You found it on level 7 of the Dungeon)

   rPois:     It protects you from poison rN+: It protects you from negative
   energy.
   Stlth+:    It makes you more stealthy.
 O - a +1 robe
 S - a +1 kite shield (worn)
 T - a +1 cloak (worn)
 W - +0 swamp dragon scales (worn)
Jewellery
 l - a ring of willpower (right hand)
 p - a ring of protection from cold
 s - a ring of see invisible
 H - a +6 ring of strength (left hand)
 X - a ring of protection from fire
Talismans
 M - a blade talisman
 Y - a granite talisman
Wands
 q - a wand of flame (7)
 B - a wand of polymorph (21)
 Q - a wand of charming (10)
Scrolls
 f - 2 scrolls of vulnerability {unknown}
 g - a scroll of amnesia {unknown}
 h - 3 scrolls of brand weapon {unknown}
 j - 7 scrolls of identify {unknown}
 k - 7 scrolls of noise
 n - a scroll of torment {unknown}
 u - a scroll of fog {unknown}
 x - 3 scrolls of blinking {unknown}
 y - a scroll of revelation {unknown}
 F - 5 scrolls of teleportation {unknown}
 G - a scroll of immolation {unknown}
 J - 2 scrolls of poison {unknown}
Potions
 i - 3 potions of enlightenment
 m - 2 potions of cancellation
 o - 6 potions of brilliance {unknown}
 r - 2 potions of invisibility {unknown}
 t - 2 potions of might {unknown}
 w - 2 potions of haste {unknown}
 A - 3 potions of attraction {unknown}
 D - a potion of lignification {unknown}
 I - a potion of magic {unknown}
 K - a potion of resistance {unknown}
 L - a potion of berserk rage {unknown}
 V - a potion of curing


   Skills:
 - Level 10.6 Fighting
 + Level 8.2 Polearms
 - Level 6.1 Armour
 - Level 7.3 Dodging
 + Level 4.6 Shields
 * Level 0.0 Invocations


You had 10 spell levels left.
You didn't know any spells.
Your spell library contained the following spells:

 Spells                   Type           Power      Damage    Failure   Level
 Necrotise                Necr           0%         1d4       65%         1
 Vampiric Draining        Necr           0%         2d6       95%         3
 Agony                    Necr           0%         N/A       100%        5


Dungeon Overview and Level Annotations

Branches:
Dungeon (9/15)             Temple (0/1) D:4         Ossuary (visited)
 Bailey (1/1)
   Lair: D:8-11         Orc: D:9-12

Altars:
Dithmenos
Hepliaklqana
Makhleb
Qazlal
Xom

Shops:
D:8 *


Innate Abilities, Weirdness & Mutations

You have hoof-like feet.
You are partially covered in molten scales. (AC +2)
A meltable icy envelope protects you from harm. (AC +4)
You regenerate magic rapidly.
A meltable shield of frost defends you. (SH +4)
You have a pair of small horns on your head.
Your flesh is cold resistant. (rC+)
You are highly strong-willed. (Will++)


Message History

You block the orc warrior's attack. The orc closely misses you.
The orc warrior hits you from afar with a +0 bardiche!!
You block the orc's attack. x2
Unknown command.
You closely miss the orc.
You hear a bellow!
You kick the orc. You headbutt the orc, but do no damage.
The orc is lightly wounded.
The orc warrior barely misses you. You block the orc's attack.
You block the orc warrior's attack. The orc hits you but does no damage.
The orc hits you from afar with a +0 trident.
* * * LOW HITPOINT WARNING * * *
You barely miss the orc. You headbutt the orc, but do no damage.
The orc is lightly wounded.
You block the orc warrior's attack. You block the orc's attack.
The orc warrior barely misses you. The orc closely misses you.
You block the orc's attack. The orc warrior completely misses you.
Unknown command.
You puncture the orc! You burn the orc.
You kill the orc!
Qazlal accepts your kill.
You block the orc warrior's attack. x2; The orc warrior closely misses you.
You block the orc's attack.
You are confused.
You feel invigorated.
The orc warrior hits you from afar with a +0 glaive!
* * * LOW HITPOINT WARNING * * *
The orc hits you but does no damage.
The orc warrior hits you but does no damage.
The orc warrior closely misses you.
You bump into the granite statue.
The orc warrior no longer looks unusually strong.
The orc warrior barely misses you. The orc warrior completely misses you.
The orc warrior hits you from afar with a +0 bardiche!!
* * * LOW HITPOINT WARNING * * *
The orc warrior barely misses you. The orc completely misses you.
The orc warrior closely misses you. The orc warrior barely misses you.
The orc hits you but does no damage.
The orc warrior hits you from afar with a +0 glaive!!
You die...

#.. #.. #.. #.. # #.o
.# #.o########..#
##oo.8o○..8...#
#.§).@oo.......
#..####o'####.
#≈≈..####........###
#≈≈≈................
#≈≈≈≈............♣..
#≈≈≈≈≈≈...#....#...♣♣♣
≈≈≈≈≈≈≈≈≈#....#≈≈≈≈≈♣♣
♣≈≈≈≈≈≈≈#....#≈≈≈≈≈≈≈#
♣.≈≈≈≈≈≈#....#≈≈≈≈≈≈≈#


You could see 5 orc warriors and 3 orcs.

Vanquished Creatures
  A two-headed ogre (D:9)
  Pikel (D:4)
  An orc knight (Bailey)
  A cyclops (D:7)
  Maggie (D:9)
  A kobold demonologist (D:7)
  Grinder (D:4)
  Sigmund (D:5)
  A shadow (D:9)
  Eustachio (D:4)
  A steam dragon (D:8)
  2 water moccasins
  Duvessa (D:4)
  9 orc warriors
  4 ice beasts
  8 ogres
  2 centaurs
  A phantom (D:5)
  3 lemures (D:4)
  3 kobold brigands
  Blork the orc (D:5)
  2 bullfrogs
  2 gnoll sergeants (D:7)
  2 scorpions
  7 wights
  Dowan (D:4)
  7 howler monkeys
  A crimson imp (D:6)
  10 hounds
  2 human zombies (Ossuary)
  2 jellies (D:4)
  6 orc priests
  Crazy Yiuf (D:7)
  A gnoll bouda (D:7)
  A sleepcap (D:8)
  Jessica (D:2)
  5 iguanas
  10 orc wizards
  6 mummies
  Robin (D:2)
  7 adders
  23 gnolls
  A shadow imp (D:6)
  2 white imps (D:6)
  3 ufetubi
  A worm (D:3)
  2 dart slugs
  37 orcs
  4 bats
  9 endoplasms
  5 giant cockroaches
  20 goblins
  9 hobgoblins
  2 jackals (D:2)
  6 kobolds
  2 quokkas
  6 ball pythons
  4 frilled lizards
  A goblin zombie (Ossuary)
  3 kobold zombies (Ossuary)
  2 orc zombies (Ossuary)
  6 rats
268 creatures vanquished.

Notes
Turn   | Place    | Note
-------+----------+-------------------------------------------
     0 | D:1      | innerfire43 the Demonspawn Monk began the quest for the
                  | Orb.
     0 | D:1      | Reached XP level 1. HP: 18/18 MP: 1/1
   172 | D:1      | Gained mutation: A meltable shield of frost defends you.
                  | (SH +4) [demonic ancestry]
   172 | D:1      | Reached XP level 2. HP: 21/24 MP: 2/2
   670 | D:1      | Gained mutation: You are strong-willed. (Will+) [potion of
                  | mutation]
   670 | D:1      | Gained mutation: Your flesh is cold resistant. (rC+)
                  | [potion of mutation]
   670 | D:1      | Gained mutation: You have a pair of small horns on your
                  | head. [potion of mutation]
   670 | D:1      | Gained mutation: You are highly strong-willed. (Will++)
                  | [potion of mutation]
   696 | D:2      | Noticed Jessica
   702 | D:2      | Killed Jessica
   703 | D:2      | Gained mutation: You are partially covered in molten
                  | scales. (AC +2) [demonic ancestry]
   703 | D:2      | Reached XP level 3. HP: 24/30 MP: 3/3
   884 | D:2      | Reached XP level 4. HP: 9/37 MP: 4/4
  1043 | D:2      | Identified a scroll of acquirement
  1043 | D:2      | Acquired the +0 pair of gloves of Onussap {Slay+6}
  1123 | D:2      | Noticed Robin
  1158 | D:2      | Killed Robin
  1308 | D:2      | Reached skill level 4 in Fighting
  1534 | D:3      | Gained mutation: A meltable icy envelope protects you from
                  | harm. (AC +4) [demonic ancestry]
  1534 | D:3      | Reached XP level 5. HP: 37/42 MP: 5/5
  2047 | D:4      | Noticed Grinder
  2052 | D:4      | Noticed a centaur
  2056 | D:4      | Killed Grinder
  2057 | D:4      | Reached skill level 5 in Fighting
  2057 | D:4      | Reached skill level 1 in Armour
  2057 | D:4      | Gained mutation: You have large cloven feet. [demonic
                  | ancestry]
  2057 | D:4      | Reached XP level 6. HP: 37/51 MP: 6/6
  2070 | D:4      | Found a sand-covered staircase.
  2078 | D:4      | Reached XP level 7. HP: 22/56 MP: 7/7
  2081 | Ossuary  | Entered an ossuary
  2823 | D:4      | Reached skill level 6 in Fighting
  2912 | D:4      | Found a hazy altar of Hepliaklqana.
  2956 | D:4      | Noticed Duvessa
  2957 | D:4      | Noticed Dowan
  2972 | D:4      | Killed Duvessa
  2989 | D:4      | Killed Dowan
  2990 | D:4      | Gained mutation: You regenerate magic rapidly. [demonic
                  | ancestry]
  2990 | D:4      | Reached XP level 8. HP: 28/65 MP: 8/8
  3131 | D:4      | Reached skill level 5 in Polearms
  3131 | D:4      | Reached skill level 5 in Dodging
  3158 | D:4      | Noticed Pikel
  3159 | D:4      | Noticed Eustachio
  3162 | D:4      | Killed Eustachio
  3167 | D:4      | Killed Pikel
  3168 | D:4      | Reached skill level 7 in Fighting
  3416 | D:4      | Found a stormy altar of Qazlal.
  3502 | D:4      | Became a worshipper of Qazlal Stormbringer
  3502 | D:4      | Reached * piety under Qazlal
  3502 | D:4      | Reached ** piety under Qazlal
  3529 | D:4      | Found a staircase to the Ecumenical Temple.
  3714 | D:5      | Entered Level 5 of the Dungeon
  3921 | D:5      | Identified the +5 spear of Immorality {flame, *Noise rF++
                  | Int+4}
  4003 | D:5      | Noticed Sigmund
  4011 | D:5      | Killed Sigmund
  4012 | D:5      | Reached skill level 8 in Fighting
  4012 | D:5      | Reached XP level 9. HP: 70/74 MP: 9/9
  4094 | D:5      | Noticed Blork the orc
  4096 | D:5      | Killed Blork the orc
  4582 | D:6      | Found a shadowy altar of Dithmenos.
  4685 | D:6      | Found a burning altar of Makhleb.
  4685 | D:6      | Found a shimmering altar of Xom.
  5259 | D:7      | Found a runed translucent door.
  5260 | D:7      | Noticed Crazy Yiuf
  5289 | D:7      | Identified the +1 helmet "Jiabbor" {rPois rN+ Stlth+}
  5339 | D:7      | Killed Crazy Yiuf
  5343 | D:7      | Identified the +1 hammer of Stopping Peril {freeze, Int+3}
  5406 | D:7      | Reached *** piety under Qazlal
  5441 | D:7      | Reached skill level 9 in Fighting
  5444 | D:7      | Noticed a cyclops
  5455 | D:7      | Killed a cyclops
  5456 | D:7      | Reached skill level 5 in Armour
  5754 | D:7      | Reached XP level 10. HP: 82/83 MP: 10/10
  5928 | D:7      | Reached skill level 10 in Fighting
  5941 | D:7      | Reached **** piety under Qazlal
  7477 | D:8      | Found Fefestut's Fabulous Fripperies.
  7484 | D:8      | Bought a wand of flame (7) for 78 gold pieces
  7530 | D:8      | Reached skill level 1 in Shields
  7903 | D:9      | Noticed a two-headed ogre
  7904 | D:9      | Noticed Maggie
  7908 | D:9      | Killed a two-headed ogre
  7916 | D:9      | Killed Maggie
  8130 | D:9      | Gained mutation: You have hoof-like feet. [demonic
                  | ancestry]
  8130 | D:9      | Reached XP level 11. HP: 92/92 MP: 11/11
  8322 | D:9      | Found a flagged portal.
  8459 | Bailey   | Entered a bailey
  8506 | Bailey   | Noticed an orc knight
  8522 | Bailey   | Killed an orc knight
  8528 | Bailey   | HP: 2/92 [orc warrior/+0 bardiche (25)]
  8529 | Bailey   | Demolished by an orc warrior

Illustrated notes

Levels and vault maps discovered:
D:1:      roderic_crop_circles_arrival_large, layout_basic
D:2:      layout_basic, minmay_distorted, uniq_robin, uniq_jessica
D:3:      layout_basic, minivault_24, minmay_box_of_dots
D:4:      layout_rooms, nicolae_qazlal_eye_of_the_storm,
          mainiacjoe_overflow_chevrons, minmay_temple_entry_statues_fountains,
          gup_ossuary_entry_pyramid, nicolae_elevator_lobby_asterisk,
          uniq_grinder, uniq_eustachio, uniq_pikel, uniq_duvessa
D:5:      layout_cave_pods, uniq_blork_the_orc, uniq_sigmund
D:6:      layout_gridville, grunt_temple_overflow_champion_of_chaos,
          mainiacjoe_overflow_large_starburst, nicolae_kite_square_tiling_tiny,
          minmay_statues_item, grunt_decor_fettered
D:7:      lemuel_castle_with_subvaults [lemuel_castle_interior_carwin_3],
          layout_loops_ring, minmay_splitting_lines, uniq_crazy_yiuf_cottage
D:8:      layout_rooms, nicolae_alphabet_shops
D:9:      layout_rooms, enter_bailey_3, kennysheep_decorative_pillar,
          uniq_maggie
Bailey:   bailey_polearm_elven_captive_hellmonk, bailey

Skill      XL: |  1  2  3  4  5  6  7  8  9 10 11 |
---------------+----------------------------------+-----
Dodging        | 3 4 5 6 7 |  7.3
Polearms       | 3 4 5 6 8 |  8.2
Fighting       | 4 5 6 8 9 10 | 10.6
Armour         | 1 2 4 5 6 |  6.1
Shields        | 3 4 |  4.6

Action                     |  1- 3 |  4- 6 |  7- 9 | 10-12 || total
---------------------------+-------+-------+-------+-------++-------
  Melee: Spear             |    92 |   109 |    77 |   104 ||   382
         Headbutt          |     6 |    13 |    44 |    35 ||    98
         Kick              |       |     3 |    72 |    52 ||   127
         Hand axe          |       |       |   119 |    92 ||   211
 Invoke: Upheaval          |       |       |       |     1 ||     1
    Use: Potion            |     1 |       |     5 |     1 ||     7
         Scroll            |       |     1 |     1 |     4 ||     6
   Stab: Distracted        |       |       |       |     1 ||     1
 Armour: Robe              |     8 |    18 |     2 |     1 ||    29
         Plate armour      |       |       |    98 |    34 ||   132
         Swamp dragon scal |       |       |       |    17 ||    17
  Dodge: Dodged            |    42 |    42 |    43 |    65 ||   192
  Block: Orb               |     6 |    10 |    45 |    34 ||    95
         Kite shield       |       |       |       |    77 ||    77

Table legend: (Time is in decaauts)
 A = Elapsed time spent in this place.
 B = Non-inter-level travel time spent in this place.
 C = Inter-level travel time spent in this place.
 D = Time resting spent in this place.
 E = Time spent auto-exploring this place.
 F = Levels seen in this place.
 G = Mean time per level.
                   A        B        C        D        E       F      G
               +--------+--------+--------+--------+--------+-----+--------+
         Total |   8535 |   7080 |   1455 |      0 |   5528 |  11 |  775.9 |
       Dungeon |   8140 |   6685 |   1455 |      0 |   5288 |   9 |  904.4 |
       Ossuary |    331 |    331 |      0 |      0 |    213 |   1 |  331.0 |
        Bailey |     63 |     63 |      0 |      0 |     27 |   1 |   63.0 |
               +--------+--------+--------+--------+--------+-----+--------+

Top non-repeatable levels by time:
     D:7: 1691 daAuts
     D:6: 1058 daAuts
     D:4: 996 daAuts
     D:5: 944 daAuts
     D:2: 876 daAuts
     D:3: 798 daAuts
     D:1: 693 daAuts
     D:9: 557 daAuts
     D:8: 524 daAuts
 Ossuary: 331 daAuts
  Bailey: 63 daAuts
